Predators vs BlackHawks

Created - 15 février 2018 at 21:45

Goals
1 2 3 T
Predators 3 0 0 3
BlackHawks 1 0 1 2
Shots
1 2 3 T
Predators 16 16 17 49
BlackHawks 12 11 13 36

1st period

1. Predators , Nicklas Backstrom 18 (Max Pacioretty 33) at 6:46
2. BlackHawks , Andrew Shaw 8 (Radim Vrbata 23, Dion Phaneuf 16) at 8:38
3. Predators , Connor Murphy 4 (Steven Stamkos 31, Vincent Trocheck 20) at 15:41 (PP)
4. Predators , Connor Murphy 5 (Steven Stamkos 32, Jaden Schwartz 25) at 19:36 (PP)

Penalties :
Roman Josi (NSH) for Interference (Minor) at 0:12, Kevan Miller (CHI) for Hooking (Minor) at 15:01, Dion Phaneuf (CHI) for Roughing (Minor) at 15:22, Jason Chimera (CHI) for Holding (Minor) at 18:14

2nd period

No Goal

Penalties :
Jaden Schwartz (NSH) for Hooking (Minor) at 5:09, Adam McQuaid (CHI) for Tripping (Minor) at 13:06, Kevan Miller (CHI) for Roughing (Minor) at 16:21

3rd period

5. BlackHawks , Jay Beagle 10 (Shane Doan 8, Antoine Roussel 15) at 17:01

Penalties :
No Penalty

Goalie Stats

Calvin Pickard (NSH), 34 saves from 36 shots - (0.944), W, 8-5-1, 60:00 minutes
Sergei Bobrovsky (CHI), 46 saves from 49 shots - (0.939), L, 27-21-4, 59:01 minutes

Players Stats for Predators

Player Name              G  A  P  +/- PIM S  H  SB GA TA FO     MP     PP MP  PK MP  
------------------------------------------------------------------------------------
Chris Kelly              0  0  0   0  0   0  0  0  0  0  4/7     7:02   0:00   0:00 
Colton Sissons           0  0  0   0  0   0  0  0  0  0  1/2     7:02   0:00   0:00 
Connor Murphy            2  0  2  -1  0   2  0  1  0  0  0/0    17:55   2:51   2:24 
Elias Lindholm           0  0  0  -1  0   2  2  0  0  0  0/1    11:31   0:00   0:00 
J.T. Miller              0  0  0  -1  0   6  3  0  0  0  3/6    17:09   3:52   1:24 
Jaden Schwartz           0  1  1  -1  2   3  1  0  0  0  1/2    17:57   3:48   0:00 
John Moore               0  0  0   0  0   1  2  1  0  0  0/0    16:20   0:00   0:35 
Kevin Hayes              0  0  0  -1  0   0  0  0  0  0  1/1    18:02   3:52   0:00 
Max Pacioretty           0  1  1   1  0   9  3  0  0  0  2/6    22:05   3:52   2:34 
Milan Michalek           0  0  0   0  0   0  1  0  0  0  0/1     7:02   0:00   0:00 
Nick Leddy               0  0  0   0  0   2  0  1  0  0  0/0    23:44   4:49   2:26 
Nicklas Backstrom        1  0  1   1  0   5  1  0  0  0  12/21  14:55   0:00   0:00 
Nikita Zadorov           0  0  0  -1  0   1  1  2  0  0  0/0    12:30   0:00   0:00 
Oscar Klefbom            0  0  0   0  0   2  1  1  0  0  0/0    23:46   2:51   1:32 
Roman Josi               0  0  0   0  2   9  1  2  0  0  0/0    25:44   4:49   0:59 
Steven Stamkos           0  2  2  -1  0   4  2  0  0  0  19/36  20:54   3:48   2:34 
Vincent Trocheck         0  1  1  -1  0   3  1  0  0  0  8/21   17:27   3:48   1:24 
Vladislav Namestnikov    0  0  0   1  0   0  1  0  0  0  1/1    14:55   0:00   0:00 

Players Stats for BlackHawks

Player Name              G  A  P  +/- PIM S  H  SB GA TA FO     MP     PP MP  PK MP  
------------------------------------------------------------------------------------
Aaron Ekblad             0  0  0  -1  0   1  1  3  0  0  0/0    20:22   1:43   2:41 
Adam McQuaid             0  0  0  -1  2   0  3  3  0  0  0/0    17:49   0:00   2:14 
Alex Galchenyuk          0  0  0   0  0   2  0  1  0  0  2/3    15:31   1:54   1:23 
Andrew Shaw              1  0  1   1  0   2  1  0  0  0  8/16   11:59   0:00   0:00 
Antoine Roussel          0  1  1   1  0   1  0  0  0  0  0/2    16:01   0:00   4:52 
Artemi Panarin           0  0  0  -1  0   4  1  0  0  0  0/1    15:04   2:04   0:00 
Brady Austin             0  0  0   1  0   1  0  1  0  0  0/0    13:42   0:00   0:48 
David Backes             0  0  0   0  0   4  0  0  0  0  0/0    12:14   0:00   0:00 
Dion Phaneuf             0  1  1   1  2   4  3  3  0  0  0/0    25:03   2:15   2:56 
Jack Eichel              0  0  0   0  0   5  0  0  0  0  5/19   14:08   1:54   0:00 
Jason Chimera            0  0  0   1  2   0  0  0  0  0  1/3    13:14   0:00   1:16 
Jay Beagle               1  0  1   1  0   1  1  0  0  0  21/32  16:10   0:00   5:01 
Jeff Petry               0  0  0   1  0   0  1  4  0  0  0/0    26:08   2:15   4:01 
Kevan Miller             0  0  0   1  4   1  1  2  0  0  0/0    16:52   1:43   2:39 
Kyle Okposo              0  0  0  -1  0   1  0  0  0  0  0/1    15:04   2:04   0:00 
Radim Vrbata             0  1  1   1  0   4  0  0  0  0  0/0    13:53   1:54   0:00 
Ryan OReilly             0  0  0  -1  0   2  0  0  0  0  16/27  17:33   2:04   2:29 
Shane Doan               0  1  1   1  0   3  0  0  0  0  0/1    11:09   0:00   0:00 

3 Stars

1 - Sergei Bobrovsky (CHI)
2 - Connor Murphy (NSH)
3 - Calvin Pickard (NSH)

Power Play

Predators - 2 on 5 Attempt(s) - 40.00%
BlackHawks - 0 on 2 Attempt(s) - 0.00%

Penalty Kill

Predators - 2 on 2 Attempt(s) - 100.00% - Score 0 goal in Penalty Kill
BlackHawks - 3 on 5 Attempt(s) - 60.00% - Score 0 goal in Penalty Kill

Team Stat

Predators - Hits : 20 - Faceoff Wins : 52 - Blocked Shots : 8 - Penalty Minutes : 4
BlackHawks - Hits : 12 - Faceoff Wins : 53 - Blocked Shots : 17 - Penalty Minutes : 10

Official

Referees : Mark Lemelin and Ian Walsh
Linesman : Jay Sharrers and Mark Shewchyk

Game Notes

No Game Note

Finance

Level 1 -- Attendance: 6500 (100.00%) -- Ticket Income 715 000 $
Level 2 -- Attendance: 4586 (91.72%) -- Ticket Income 343 950 $
Level 3 -- Attendance: 2959 (84.54%) -- Ticket Income 165 704 $
Level 4 -- Attendance: 2693 (72.45%) -- Ticket Income 107 720 $
Luxury Box -- Attendance: 961 (96.10%) -- Ticket Income 191 239 $
Game was played at the United Center.
Total Attendance: 17699 (89.77%)
Total Ticket Income: 1 523 613 $
Other Income: 228 542 $
Total Income: 1 752 155 $

% Time on Ice - Predators

Lines # - Real PCT - Wanted PCT - Time Play
Normal Forward
1 - 31% - 35% - 14:55
2 - 30% - 32% - 14:10
3 - 24% - 27% - 11:31
4 - 15% - 6% - 7:02
Normal Defense
1 - 41% - 40% - 19:23
2 - 33% - 34% - 15:45
3 - 26% - 24% - 12:30
4 - 0% - 2% - 0:00
PP Forward
1 - 50% - 60% - 3:52
2 - 50% - 40% - 3:48
PP Defense
1 - 63% - 60% - 4:49
2 - 37% - 40% - 2:51
PK Forward
1 - 65% - 60% - 2:34
2 - 35% - 40% - 1:24
PK Defense
1 - 61% - 60% - 2:26
2 - 39% - 40% - 1:32
PK3 Forward
1 - 0% - 60%
2 - 0% - 40%
PK3 Defense
1 - 0% - 60%
2 - 0% - 40%
44 Forward
1 - 0% - 60%
2 - 0% - 40%
44 Defense
1 - 0% - 60%
2 - 0% - 40%
Last Minute Offensive  - 0:00
Last Minute Defensive  - 0:44
Total
Forward - 60:00
Defense - 60:00

% Time on Ice - BlackHawks

Lines # - Real PCT - Wanted PCT - Time Play
Normal Forward
1 - 26% - 26% - 12:08
2 - 26% - 26% - 12:14
3 - 25% - 25% - 11:59
4 - 23% - 23% - 11:09
Normal Defense
1 - 38% - 40% - 18:03
2 - 33% - 30% - 15:36
3 - 26% - 20% - 12:32
4 - 3% - 10% - 1:19
PP Forward
1 - 52% - 60% - 2:04
2 - 48% - 40% - 1:54
PP Defense
1 - 57% - 60% - 2:15
2 - 43% - 40% - 1:43
PK Forward
1 - 68% - 60% - 5:02
2 - 32% - 40% - 2:19
PK Defense
1 - 44% - 60% - 3:14
2 - 56% - 40% - 4:07
PK3 Forward
1 - 100% - 60% - 0:19
2 - 0% - 40% - 0:00
PK3 Defense
1 - 100% - 60% - 0:19
2 - 0% - 40% - 0:00
44 Forward
1 - 0% - 60%
2 - 0% - 40%
44 Defense
1 - 0% - 60%
2 - 0% - 40%
Last Minute Offensive  - 0:52
Last Minute Defensive  - 0:00
Total
Forward - 60:00
Defense - 60:00

Play by Play

1st period


0:01 of 1st period - Nicklas Backstrom wins face-off versus Ryan OReilly in neutral zone.
0:12 of 1st period - Minor Penalty to Roman Josi for Interference.
0:13 of 1st period - Alex Galchenyuk wins face-off versus Steven Stamkos in Predators zone.
0:26 of 1st period - Shot by Dion Phaneuf.
0:26 of 1st period - Deflect By Alex Galchenyuk.
0:26 of 1st period - Stopped by Calvin Pickard without a rebound.
0:27 of 1st period - J.T. Miller wins face-off versus Ryan OReilly in Predators zone.
1:19 of 1st period - Icing by Dion Phaneuf.
1:20 of 1st period - J.T. Miller wins face-off versus Jack Eichel in BlackHawks zone.
2:43 of 1st period - Icing by Aaron Ekblad.
2:44 of 1st period - Vincent Trocheck wins face-off versus Jay Beagle in BlackHawks zone.
2:48 of 1st period - Icing by Aaron Ekblad.
2:49 of 1st period - Steven Stamkos wins face-off versus Jay Beagle in BlackHawks zone.
2:50 of 1st period - Shot by Jaden Schwartz.
2:50 of 1st period - Shot Misses the Net.
3:02 of 1st period - Shot by Jaden Schwartz.
3:02 of 1st period - Shot Blocked by Adam McQuaid.
3:30 of 1st period - Off-side.
3:31 of 1st period - Nicklas Backstrom wins face-off versus Alex Galchenyuk in neutral zone.
3:34 of 1st period - David Backes is hit by Max Pacioretty and loses puck.
3:56 of 1st period - Nicklas Backstrom is hit by Kevan Miller and loses puck.
4:07 of 1st period - Shot by Alex Galchenyuk.
4:07 of 1st period - Stopped by Calvin Pickard with a rebound.
4:26 of 1st period - Icing by Max Pacioretty.
4:27 of 1st period - Vladislav Namestnikov wins face-off versus Andrew Shaw in Predators zone.
4:48 of 1st period - Shot by Elias Lindholm.
4:48 of 1st period - Stopped by Sergei Bobrovsky without a rebound.
4:49 of 1st period - Ryan OReilly wins face-off versus Steven Stamkos in BlackHawks zone.
4:58 of 1st period - Aaron Ekblad is hit by Jaden Schwartz.
5:06 of 1st period - Shot by Steven Stamkos.
5:06 of 1st period - Shot Blocked by Adam McQuaid.
5:18 of 1st period - Shot by Ryan OReilly.
5:18 of 1st period - Stopped by Calvin Pickard without a rebound.
5:19 of 1st period - Andrew Shaw wins face-off versus Vincent Trocheck in Predators zone.
5:47 of 1st period - Shot by Vincent Trocheck.
5:47 of 1st period - Shot Misses the Net.
6:01 of 1st period - Shot by J.T. Miller.
6:01 of 1st period - Stopped by Sergei Bobrovsky without a rebound.
6:02 of 1st period - Jack Eichel wins face-off versus Steven Stamkos in BlackHawks zone.
6:38 of 1st period - Off-side.
6:39 of 1st period - Nicklas Backstrom wins face-off versus Artemi Panarin in neutral zone.
6:46 of 1st period - Shot by Max Pacioretty.
6:46 of 1st period - Deflect By Nicklas Backstrom.
6:46 of 1st period - Goal by Nicklas Backstrom - Predators : 1 - BlackHawks : 0.
6:47 of 1st period - Nicklas Backstrom wins face-off versus Ryan OReilly in neutral zone.
6:54 of 1st period - Shot by Artemi Panarin.
6:54 of 1st period - Stopped by Calvin Pickard without a rebound.
6:55 of 1st period - Vincent Trocheck wins face-off versus Ryan OReilly in Predators zone.
7:20 of 1st period - Shot by Artemi Panarin.
7:20 of 1st period - Shot Misses the Net.
7:22 of 1st period - Shot by Dion Phaneuf.
7:22 of 1st period - Shot Blocked by Roman Josi.
7:24 of 1st period - Shot by Dion Phaneuf.
7:24 of 1st period - Stopped by Calvin Pickard without a rebound.
7:25 of 1st period - Nicklas Backstrom wins face-off versus Jack Eichel in Predators zone.
7:33 of 1st period - Off-side.
7:34 of 1st period - Jay Beagle wins face-off versus Steven Stamkos in neutral zone.
8:38 of 1st period - Shot by Andrew Shaw.
8:38 of 1st period - Goal by Andrew Shaw - Predators : 1 - BlackHawks : 1.
8:39 of 1st period - Jack Eichel wins face-off versus Nicklas Backstrom in neutral zone.
9:29 of 1st period - Off-side.
9:30 of 1st period - Vincent Trocheck wins face-off versus Ryan OReilly in neutral zone.
9:42 of 1st period - Shot by Kyle Okposo.
9:42 of 1st period - Stopped by Calvin Pickard without a rebound.
9:43 of 1st period - Andrew Shaw wins face-off versus Colton Sissons in Predators zone.
10:10 of 1st period - Shot by Kevan Miller.
10:10 of 1st period - Stopped by Calvin Pickard with a rebound.
10:12 of 1st period - Shot by Brady Austin.
10:12 of 1st period - Stopped by Calvin Pickard with a rebound.
10:34 of 1st period - Shot by J.T. Miller.
10:34 of 1st period - Shot Misses the Net.
10:36 of 1st period - Shot by Oscar Klefbom.
10:36 of 1st period - Shot Misses the Net.
10:38 of 1st period - Shot by Roman Josi.
10:38 of 1st period - Stopped by Sergei Bobrovsky without a rebound.
10:39 of 1st period - Jay Beagle wins face-off versus Nicklas Backstrom in BlackHawks zone.
11:06 of 1st period - Shot by Max Pacioretty.
11:06 of 1st period - Shot Blocked by Aaron Ekblad.
11:20 of 1st period - Shot by Max Pacioretty.
11:20 of 1st period - Stopped by Sergei Bobrovsky without a rebound.
11:21 of 1st period - Ryan OReilly wins face-off versus Vincent Trocheck in BlackHawks zone.
11:33 of 1st period - Icing by Jeff Petry.
11:34 of 1st period - Ryan OReilly wins face-off versus Steven Stamkos in BlackHawks zone.
11:49 of 1st period - Shot by Artemi Panarin.
11:49 of 1st period - Shot Misses the Net.
12:56 of 1st period - Shot by David Backes.
12:56 of 1st period - Deflect By Jack Eichel.
12:56 of 1st period - Stopped by Calvin Pickard with a rebound.
12:58 of 1st period - Shot by David Backes.
12:58 of 1st period - Shot Misses the Net.
13:30 of 1st period - Shot by Radim Vrbata.
13:30 of 1st period - Stopped by Calvin Pickard without a rebound.
13:31 of 1st period - Jay Beagle wins face-off versus Nicklas Backstrom in Predators zone.
13:56 of 1st period - Shot by Shane Doan.
13:56 of 1st period - Stopped by Calvin Pickard without a rebound.
13:57 of 1st period - Ryan OReilly wins face-off versus Chris Kelly in Predators zone.
14:56 of 1st period - Shot by Steven Stamkos.
14:56 of 1st period - Stopped by Sergei Bobrovsky with a rebound.
14:58 of 1st period - Shot by Steven Stamkos.
14:58 of 1st period - Shot Blocked by Brady Austin.
15:00 of 1st period - Shot by Kevin Hayes.
15:00 of 1st period - Shot Misses the Net.
15:01 of 1st period - Minor Penalty to Kevan Miller for Hooking.
15:02 of 1st period - Kevin Hayes wins face-off versus Jay Beagle in BlackHawks zone.
15:03 of 1st period - Shot by Max Pacioretty.
15:03 of 1st period - Stopped by Sergei Bobrovsky without a rebound.
15:04 of 1st period - Max Pacioretty wins face-off versus Antoine Roussel in BlackHawks zone.
15:22 of 1st period - Minor Penalty to Dion Phaneuf for Roughing.
15:23 of 1st period - Jay Beagle wins face-off versus Steven Stamkos in BlackHawks zone.
15:23 of 1st period - Jay Beagle is hit by Vincent Trocheck.
15:39 of 1st period - Shot by Steven Stamkos.
15:39 of 1st period - Shot Blocked by Jeff Petry.
15:41 of 1st period - Shot by Connor Murphy.
15:41 of 1st period - Goal by Connor Murphy - Predators : 2 - BlackHawks : 1.
15:42 of 1st period - Jay Beagle wins face-off versus Max Pacioretty in neutral zone.
15:57 of 1st period - Shot by Nick Leddy.
15:57 of 1st period - Stopped by Sergei Bobrovsky with a rebound.
15:59 of 1st period - Shot by Kevin Hayes.
15:59 of 1st period - Shot Blocked by Jeff Petry.
16:01 of 1st period - Shot by J.T. Miller.
16:01 of 1st period - Shot Blocked by Jeff Petry.
16:05 of 1st period - Shot by Max Pacioretty.
16:05 of 1st period - Stopped by Sergei Bobrovsky without a rebound.
16:06 of 1st period - Steven Stamkos wins face-off versus Jason Chimera in BlackHawks zone.
16:09 of 1st period - Shot by Vincent Trocheck.
16:09 of 1st period - Stopped by Sergei Bobrovsky without a rebound.
16:10 of 1st period - Steven Stamkos wins face-off versus Jay Beagle in BlackHawks zone.
16:17 of 1st period - Shot by Steven Stamkos.
16:17 of 1st period - Shot Blocked by Kevan Miller.
17:18 of 1st period - Shot by Roman Josi.
17:18 of 1st period - Stopped by Sergei Bobrovsky without a rebound.
17:19 of 1st period - Ryan OReilly wins face-off versus Max Pacioretty in BlackHawks zone.
17:42 of 1st period - Shot by John Moore.
17:42 of 1st period - Stopped by Sergei Bobrovsky without a rebound.
17:43 of 1st period - Nicklas Backstrom wins face-off versus Kyle Okposo in BlackHawks zone.
17:48 of 1st period - Shot by Nicklas Backstrom.
17:48 of 1st period - Stopped by Sergei Bobrovsky without a rebound.
17:49 of 1st period - Andrew Shaw wins face-off versus Nicklas Backstrom in BlackHawks zone.
17:49 of 1st period - Andrew Shaw is hit by Max Pacioretty.
18:14 of 1st period - Minor Penalty to Jason Chimera for Holding.
18:15 of 1st period - Steven Stamkos wins face-off versus Antoine Roussel in BlackHawks zone.
18:19 of 1st period - Shot by Roman Josi.
18:19 of 1st period - Stopped by Sergei Bobrovsky without a rebound.
18:20 of 1st period - Jay Beagle wins face-off versus J.T. Miller in BlackHawks zone.
19:04 of 1st period - Icing by Nick Leddy.
19:05 of 1st period - Alex Galchenyuk wins face-off versus J.T. Miller in Predators zone.
19:36 of 1st period - Shot by Connor Murphy.
19:36 of 1st period - Goal by Connor Murphy - Predators : 3 - BlackHawks : 1.
19:37 of 1st period - Chris Kelly wins face-off versus Jason Chimera in neutral zone.
19:45 of 1st period - Icing by Andrew Shaw.
19:46 of 1st period - Jason Chimera wins face-off versus Milan Michalek in BlackHawks zone.
Goals for this period are 3 for Predators vs 1 for BlackHawks.
Shots for this period are 16 for Predators vs 12 for BlackHawks.

2nd period


0:01 of 2nd period - Jack Eichel wins face-off versus Nicklas Backstrom in neutral zone.
0:22 of 2nd period - David Backes is hit by Nicklas Backstrom and loses puck.
1:02 of 2nd period - Icing by Aaron Ekblad.
1:03 of 2nd period - Jay Beagle wins face-off versus Vincent Trocheck in BlackHawks zone.
1:22 of 2nd period - Shot by Jay Beagle.
1:22 of 2nd period - Shot Misses the Net.
2:00 of 2nd period - Shot by Radim Vrbata.
2:00 of 2nd period - Stopped by Calvin Pickard without a rebound.
2:01 of 2nd period - Ryan OReilly wins face-off versus Steven Stamkos in Predators zone.
2:20 of 2nd period - Shot by Jaden Schwartz.
2:20 of 2nd period - Shot Blocked by Dion Phaneuf.
2:22 of 2nd period - Shot by Jaden Schwartz.
2:22 of 2nd period - Stopped by Sergei Bobrovsky without a rebound.
2:23 of 2nd period - Chris Kelly wins face-off versus Jack Eichel in BlackHawks zone.
3:35 of 2nd period - Shot by Shane Doan.
3:35 of 2nd period - Shot Misses the Net.
3:37 of 2nd period - Shot by Dion Phaneuf.
3:37 of 2nd period - Stopped by Calvin Pickard with a rebound.
3:39 of 2nd period - Shot by Jay Beagle.
3:39 of 2nd period - Shot Blocked by Nikita Zadorov.
3:41 of 2nd period - Shot by Dion Phaneuf.
3:41 of 2nd period - Stopped by Calvin Pickard without a rebound.
3:42 of 2nd period - Steven Stamkos wins face-off versus Andrew Shaw in Predators zone.
3:42 of 2nd period - Steven Stamkos is hit by Andrew Shaw.
3:54 of 2nd period - Shot by Jaden Schwartz.
3:54 of 2nd period - Shot Blocked by Aaron Ekblad.
4:11 of 2nd period - Jaden Schwartz is hit by Adam McQuaid and loses puck.
4:16 of 2nd period - Shot by Steven Stamkos.
4:16 of 2nd period - Shot Misses the Net.
4:18 of 2nd period - Shot by John Moore.
4:18 of 2nd period - Shot Misses the Net.
4:20 of 2nd period - Shot by Kevin Hayes.
4:20 of 2nd period - Deflect By Steven Stamkos.
4:20 of 2nd period - Stopped by Sergei Bobrovsky without a rebound.
4:21 of 2nd period - Ryan OReilly wins face-off versus Vincent Trocheck in BlackHawks zone.
4:23 of 2nd period - Kyle Okposo is hit by Elias Lindholm and loses puck.
4:48 of 2nd period - Shot by J.T. Miller.
4:48 of 2nd period - Deflect By Vincent Trocheck.
4:48 of 2nd period - Stopped by Sergei Bobrovsky without a rebound.
4:49 of 2nd period - Nicklas Backstrom wins face-off versus Shane Doan in BlackHawks zone.
4:50 of 2nd period - Shot by Max Pacioretty.
4:50 of 2nd period - Stopped by Sergei Bobrovsky without a rebound.
4:51 of 2nd period - Jay Beagle wins face-off versus Nicklas Backstrom in BlackHawks zone.
5:00 of 2nd period - Shot by Vladislav Namestnikov.
5:00 of 2nd period - Shot Misses the Net.
5:05 of 2nd period - Icing by Adam McQuaid.
5:06 of 2nd period - Jay Beagle wins face-off versus Steven Stamkos in BlackHawks zone.
5:06 of 2nd period - Jay Beagle is hit by Steven Stamkos.
5:09 of 2nd period - Minor Penalty to Jaden Schwartz for Hooking.
5:10 of 2nd period - Steven Stamkos wins face-off versus Ryan OReilly in Predators zone.
5:27 of 2nd period - Nick Leddy is hit by Artemi Panarin and loses puck.
6:19 of 2nd period - Shot by Aaron Ekblad.
6:19 of 2nd period - Stopped by Calvin Pickard with a rebound.
6:21 of 2nd period - Shot by Aaron Ekblad.
6:21 of 2nd period - Shot Blocked by Connor Murphy.
6:23 of 2nd period - Shot by Aaron Ekblad.
6:23 of 2nd period - Shot Misses the Net.
6:29 of 2nd period - Shot by Radim Vrbata.
6:29 of 2nd period - Shot Misses the Net.
6:31 of 2nd period - Shot by Kevan Miller.
6:31 of 2nd period - Shot Blocked by Oscar Klefbom.
6:33 of 2nd period - Shot by Aaron Ekblad.
6:33 of 2nd period - Shot Misses the Net.
6:57 of 2nd period - Shot by Ryan OReilly.
6:57 of 2nd period - Shot Misses the Net.
6:59 of 2nd period - Shot by Dion Phaneuf.
6:59 of 2nd period - Stopped by Calvin Pickard with a rebound.
7:01 of 2nd period - Shot by Ryan OReilly.
7:01 of 2nd period - Stopped by Calvin Pickard without a rebound.
7:02 of 2nd period - Jack Eichel wins face-off versus J.T. Miller in Predators zone.
7:13 of 2nd period - Jay Beagle is hit by John Moore and loses puck.
7:26 of 2nd period - Shot by Shane Doan.
7:26 of 2nd period - Shot Misses the Net.
7:28 of 2nd period - Shot by Shane Doan.
7:28 of 2nd period - Stopped by Calvin Pickard without a rebound.
7:29 of 2nd period - Andrew Shaw wins face-off versus Vincent Trocheck in Predators zone.
7:30 of 2nd period - Shot by Radim Vrbata.
7:30 of 2nd period - Stopped by Calvin Pickard without a rebound.
7:31 of 2nd period - Vincent Trocheck wins face-off versus Andrew Shaw in Predators zone.
7:44 of 2nd period - Shot by J.T. Miller.
7:44 of 2nd period - Stopped by Sergei Bobrovsky without a rebound.
7:45 of 2nd period - Ryan OReilly wins face-off versus Chris Kelly in BlackHawks zone.
8:00 of 2nd period - Brady Austin is hit by Milan Michalek and loses puck.
9:04 of 2nd period - Shot by Jack Eichel.
9:04 of 2nd period - Shot Misses the Net.
9:26 of 2nd period - Jason Chimera is hit by Max Pacioretty and loses puck.
9:39 of 2nd period - Shot by Andrew Shaw.
9:39 of 2nd period - Stopped by Calvin Pickard without a rebound.
9:40 of 2nd period - Steven Stamkos wins face-off versus Jay Beagle in Predators zone.
9:40 of 2nd period - Steven Stamkos is hit by Jay Beagle.
10:09 of 2nd period - Icing by Jay Beagle.
10:10 of 2nd period - Jay Beagle wins face-off versus Vincent Trocheck in BlackHawks zone.
10:10 of 2nd period - Shane Doan is hit by J.T. Miller and loses puck.
10:23 of 2nd period - Shot by Vincent Trocheck.
10:23 of 2nd period - Shot Misses the Net.
10:39 of 2nd period - Shot by J.T. Miller.
10:39 of 2nd period - Stopped by Sergei Bobrovsky without a rebound.
10:40 of 2nd period - Steven Stamkos wins face-off versus Jack Eichel in BlackHawks zone.
10:42 of 2nd period - Jaden Schwartz is hit by Dion Phaneuf and loses puck.
10:59 of 2nd period - Shot by Jack Eichel.
10:59 of 2nd period - Stopped by Calvin Pickard without a rebound.
11:00 of 2nd period - Ryan OReilly wins face-off versus Chris Kelly in Predators zone.
11:13 of 2nd period - Shot by Artemi Panarin.
11:13 of 2nd period - Shot Misses the Net.
12:07 of 2nd period - Jason Chimera is hit by John Moore and loses puck.
13:03 of 2nd period - Off-side.
13:04 of 2nd period - Vincent Trocheck wins face-off versus Jack Eichel in neutral zone.
13:06 of 2nd period - Minor Penalty to Adam McQuaid for Tripping.
13:07 of 2nd period - Jay Beagle wins face-off versus Steven Stamkos in BlackHawks zone.
13:34 of 2nd period - Shot by Steven Stamkos.
13:34 of 2nd period - Shot Blocked by Kevan Miller.
14:18 of 2nd period - Shot by Oscar Klefbom.
14:18 of 2nd period - Shot Misses the Net.
14:20 of 2nd period - Shot by Connor Murphy.
14:20 of 2nd period - Shot Blocked by Alex Galchenyuk.
14:22 of 2nd period - Shot by Max Pacioretty.
14:22 of 2nd period - Deflect By J.T. Miller.
14:22 of 2nd period - Shot Misses the Net.
14:24 of 2nd period - Shot by Oscar Klefbom.
14:24 of 2nd period - Stopped by Sergei Bobrovsky without a rebound.
14:25 of 2nd period - Steven Stamkos wins face-off versus Jay Beagle in BlackHawks zone.
14:44 of 2nd period - Shot by Vincent Trocheck.
14:44 of 2nd period - Deflect By Steven Stamkos.
14:44 of 2nd period - Stopped by Sergei Bobrovsky without a rebound.
14:45 of 2nd period - Max Pacioretty wins face-off versus Jay Beagle in BlackHawks zone.
15:20 of 2nd period - Shot by Chris Kelly.
15:20 of 2nd period - Shot Misses the Net.
15:34 of 2nd period - Shot by Alex Galchenyuk.
15:34 of 2nd period - Shot Blocked by John Moore.
15:38 of 2nd period - Shot by David Backes.
15:38 of 2nd period - Stopped by Calvin Pickard with a rebound.
15:49 of 2nd period - Chris Kelly is hit by Dion Phaneuf and loses puck.
16:06 of 2nd period - Shot by Nicklas Backstrom.
16:06 of 2nd period - Stopped by Sergei Bobrovsky without a rebound.
16:07 of 2nd period - J.T. Miller wins face-off versus Andrew Shaw in BlackHawks zone.
16:21 of 2nd period - Minor Penalty to Kevan Miller for Roughing.
16:22 of 2nd period - Jay Beagle wins face-off versus Max Pacioretty in BlackHawks zone.
16:41 of 2nd period - Shot by Max Pacioretty.
16:41 of 2nd period - Stopped by Sergei Bobrovsky without a rebound.
16:42 of 2nd period - Jay Beagle wins face-off versus Steven Stamkos in BlackHawks zone.
16:51 of 2nd period - Shot by Roman Josi.
16:51 of 2nd period - Stopped by Sergei Bobrovsky with a rebound.
16:53 of 2nd period - Shot by Roman Josi.
16:53 of 2nd period - Stopped by Sergei Bobrovsky with a rebound.
16:55 of 2nd period - Shot by Jaden Schwartz.
16:55 of 2nd period - Deflect By Steven Stamkos.
16:55 of 2nd period - Shot Misses the Net.
16:57 of 2nd period - Shot by Nick Leddy.
16:57 of 2nd period - Shot Misses the Net.
16:59 of 2nd period - Shot by Steven Stamkos.
16:59 of 2nd period - Shot Misses the Net.
17:01 of 2nd period - Shot by Steven Stamkos.
17:01 of 2nd period - Shot Blocked by Aaron Ekblad.
17:03 of 2nd period - Shot by Roman Josi.
17:03 of 2nd period - Stopped by Sergei Bobrovsky without a rebound.
17:04 of 2nd period - Ryan OReilly wins face-off versus Max Pacioretty in BlackHawks zone.
17:21 of 2nd period - Shot by Max Pacioretty.
17:21 of 2nd period - Stopped by Sergei Bobrovsky without a rebound.
17:22 of 2nd period - Ryan OReilly wins face-off versus Steven Stamkos in BlackHawks zone.
17:22 of 2nd period - Ryan OReilly is hit by Steven Stamkos.
17:53 of 2nd period - Icing by Roman Josi.
17:54 of 2nd period - Steven Stamkos wins face-off versus Ryan OReilly in Predators zone.
17:56 of 2nd period - Icing by Jaden Schwartz.
17:57 of 2nd period - Jay Beagle wins face-off versus Steven Stamkos in Predators zone.
18:43 of 2nd period - Shot by Nicklas Backstrom.
18:43 of 2nd period - Shot Misses the Net.
18:45 of 2nd period - Shot by Connor Murphy.
18:45 of 2nd period - Shot Blocked by Adam McQuaid.
18:47 of 2nd period - Shot by Nikita Zadorov.
18:47 of 2nd period - Stopped by Sergei Bobrovsky without a rebound.
18:48 of 2nd period - Chris Kelly wins face-off versus Ryan OReilly in BlackHawks zone.
19:07 of 2nd period - Shot by Kyle Okposo.
19:07 of 2nd period - Shot Misses the Net.
19:57 of 2nd period - Shot by J.T. Miller.
19:57 of 2nd period - Stopped by Sergei Bobrovsky with a rebound.
Goals for this period are 0 for Predators vs 0 for BlackHawks.
Shots for this period are 16 for Predators vs 11 for BlackHawks.

3rd period


0:01 of 3rd period - Jay Beagle wins face-off versus Steven Stamkos in neutral zone.
0:08 of 3rd period - Shot by Antoine Roussel.
0:08 of 3rd period - Deflect By Jay Beagle.
0:08 of 3rd period - Shot Blocked by Roman Josi.
1:35 of 3rd period - Vincent Trocheck is hit by Adam McQuaid and loses puck.
1:48 of 3rd period - Shot by J.T. Miller.
1:48 of 3rd period - Shot Misses the Net.
1:54 of 3rd period - Shot by Elias Lindholm.
1:54 of 3rd period - Stopped by Sergei Bobrovsky without a rebound.
1:55 of 3rd period - Chris Kelly wins face-off versus Jack Eichel in BlackHawks zone.
1:56 of 3rd period - Shot by Roman Josi.
1:56 of 3rd period - Shot Misses the Net.
1:58 of 3rd period - Shot by Roman Josi.
1:58 of 3rd period - Stopped by Sergei Bobrovsky without a rebound.
1:59 of 3rd period - Steven Stamkos wins face-off versus Jack Eichel in BlackHawks zone.
2:12 of 3rd period - Shot by Jack Eichel.
2:12 of 3rd period - Stopped by Calvin Pickard without a rebound.
2:13 of 3rd period - Ryan OReilly wins face-off versus Vincent Trocheck in Predators zone.
2:14 of 3rd period - Shot by Artemi Panarin.
2:14 of 3rd period - Stopped by Calvin Pickard with a rebound.
2:30 of 3rd period - Off-side.
2:31 of 3rd period - Jay Beagle wins face-off versus Steven Stamkos in neutral zone.
3:04 of 3rd period - Shot by Kevin Hayes.
3:04 of 3rd period - Shot Misses the Net.
4:32 of 3rd period - Aaron Ekblad is hit by Vladislav Namestnikov.
5:01 of 3rd period - Icing by Connor Murphy.
5:02 of 3rd period - Vincent Trocheck wins face-off versus Andrew Shaw in Predators zone.
5:31 of 3rd period - Icing by Vincent Trocheck.
5:32 of 3rd period - Vincent Trocheck wins face-off versus Jay Beagle in Predators zone.
5:53 of 3rd period - Dion Phaneuf is hit by J.T. Miller and loses puck.
6:16 of 3rd period - Antoine Roussel is hit by Elias Lindholm and loses puck.
6:31 of 3rd period - Shot by Jaden Schwartz.
6:31 of 3rd period - Shot Hit the Post.
6:33 of 3rd period - Shot by Oscar Klefbom.
6:33 of 3rd period - Stopped by Sergei Bobrovsky without a rebound.
6:34 of 3rd period - Steven Stamkos wins face-off versus Jack Eichel in BlackHawks zone.
6:39 of 3rd period - Jaden Schwartz is hit by Adam McQuaid and loses puck.
6:59 of 3rd period - Shot by Roman Josi.
6:59 of 3rd period - Stopped by Sergei Bobrovsky without a rebound.
7:00 of 3rd period - Nicklas Backstrom wins face-off versus Ryan OReilly in BlackHawks zone.
7:53 of 3rd period - Icing by Oscar Klefbom.
7:54 of 3rd period - Andrew Shaw wins face-off versus Steven Stamkos in Predators zone.
7:54 of 3rd period - Andrew Shaw is hit by Oscar Klefbom.
7:56 of 3rd period - Shot by Radim Vrbata.
7:56 of 3rd period - Stopped by Calvin Pickard without a rebound.
7:57 of 3rd period - Steven Stamkos wins face-off versus Jack Eichel in Predators zone.
8:30 of 3rd period - Shot by David Backes.
8:30 of 3rd period - Stopped by Calvin Pickard without a rebound.
8:31 of 3rd period - Andrew Shaw wins face-off versus Vincent Trocheck in Predators zone.
8:32 of 3rd period - Shot by Radim Vrbata.
8:32 of 3rd period - Shot Misses the Net.
8:56 of 3rd period - Shot by Radim Vrbata.
8:56 of 3rd period - Shot Misses the Net.
9:03 of 3rd period - Off-side.
9:04 of 3rd period - Nicklas Backstrom wins face-off versus Jay Beagle in neutral zone.
9:11 of 3rd period - Shot by Nicklas Backstrom.
9:11 of 3rd period - Deflect By Max Pacioretty.
9:11 of 3rd period - Stopped by Sergei Bobrovsky with a rebound.
9:13 of 3rd period - Shot by Nicklas Backstrom.
9:13 of 3rd period - Shot Misses the Net.
9:15 of 3rd period - Shot by Oscar Klefbom.
9:15 of 3rd period - Shot Blocked by Jeff Petry.
9:17 of 3rd period - Shot by Nicklas Backstrom.
9:17 of 3rd period - Stopped by Sergei Bobrovsky without a rebound.
9:18 of 3rd period - Jaden Schwartz wins face-off versus Ryan OReilly in BlackHawks zone.
9:19 of 3rd period - Shot by Steven Stamkos.
9:19 of 3rd period - Shot Misses the Net.
9:58 of 3rd period - Shot by Artemi Panarin.
9:58 of 3rd period - Shot Blocked by Nikita Zadorov.
10:05 of 3rd period - Icing by Nikita Zadorov.
10:06 of 3rd period - Steven Stamkos wins face-off versus Andrew Shaw in Predators zone.
10:53 of 3rd period - Icing by Roman Josi.
10:54 of 3rd period - Jack Eichel wins face-off versus Nicklas Backstrom in Predators zone.
11:15 of 3rd period - Shot by David Backes.
11:15 of 3rd period - Shot Blocked by Nick Leddy.
11:17 of 3rd period - Shot by David Backes.
11:17 of 3rd period - Stopped by Calvin Pickard without a rebound.
11:18 of 3rd period - Jay Beagle wins face-off versus Vincent Trocheck in Predators zone.
11:42 of 3rd period - Off-side.
11:43 of 3rd period - Steven Stamkos wins face-off versus Jack Eichel in neutral zone.
11:52 of 3rd period - Shot by Jaden Schwartz.
11:52 of 3rd period - Deflect By Steven Stamkos.
11:52 of 3rd period - Stopped by Sergei Bobrovsky without a rebound.
11:53 of 3rd period - Steven Stamkos wins face-off versus Ryan OReilly in BlackHawks zone.
12:07 of 3rd period - Shot by Jaden Schwartz.
12:07 of 3rd period - Stopped by Sergei Bobrovsky without a rebound.
12:08 of 3rd period - Nicklas Backstrom wins face-off versus Jack Eichel in BlackHawks zone.
12:08 of 3rd period - Max Pacioretty is hit by Dion Phaneuf and loses puck.
12:13 of 3rd period - Shot by Nicklas Backstrom.
12:13 of 3rd period - Shot Misses the Net.
12:20 of 3rd period - Max Pacioretty is hit by Jeff Petry and loses puck.
12:29 of 3rd period - Shot by Max Pacioretty.
12:29 of 3rd period - Shot Hit the Post.
12:31 of 3rd period - Shot by Nicklas Backstrom.
12:31 of 3rd period - Stopped by Sergei Bobrovsky with a rebound.
12:33 of 3rd period - Shot by Max Pacioretty.
12:33 of 3rd period - Deflect By Nicklas Backstrom.
12:33 of 3rd period - Shot Blocked by Dion Phaneuf.
12:35 of 3rd period - Shot by Max Pacioretty.
12:35 of 3rd period - Stopped by Sergei Bobrovsky without a rebound.
12:36 of 3rd period - Jay Beagle wins face-off versus Jaden Schwartz in BlackHawks zone.
13:00 of 3rd period - Icing by Adam McQuaid.
13:01 of 3rd period - Jay Beagle wins face-off versus Vincent Trocheck in BlackHawks zone.
13:13 of 3rd period - Shot by Jay Beagle.
13:13 of 3rd period - Shot Misses the Net.
13:15 of 3rd period - Shot by Antoine Roussel.
13:15 of 3rd period - Shot Misses the Net.
13:17 of 3rd period - Shot by Shane Doan.
13:17 of 3rd period - Stopped by Calvin Pickard without a rebound.
13:18 of 3rd period - Andrew Shaw wins face-off versus Nicklas Backstrom in Predators zone.
13:33 of 3rd period - Icing by Oscar Klefbom.
13:34 of 3rd period - Ryan OReilly wins face-off versus Nicklas Backstrom in Predators zone.
13:59 of 3rd period - Shot by Max Pacioretty.
13:59 of 3rd period - Stopped by Sergei Bobrovsky without a rebound.
14:00 of 3rd period - Steven Stamkos wins face-off versus Jack Eichel in BlackHawks zone.
14:09 of 3rd period - Shot by Steven Stamkos.
14:09 of 3rd period - Shot Misses the Net.
14:11 of 3rd period - Shot by Jaden Schwartz.
14:11 of 3rd period - Stopped by Sergei Bobrovsky without a rebound.
14:12 of 3rd period - Andrew Shaw wins face-off versus Elias Lindholm in BlackHawks zone.
14:12 of 3rd period - Andrew Shaw is hit by J.T. Miller.
14:35 of 3rd period - Aaron Ekblad is hit by Nikita Zadorov and loses puck.
14:47 of 3rd period - Icing by Radim Vrbata.
14:48 of 3rd period - Nicklas Backstrom wins face-off versus Andrew Shaw in BlackHawks zone.
14:48 of 3rd period - Nick Leddy is hit by Aaron Ekblad.
15:26 of 3rd period - Shot by Jack Eichel.
15:26 of 3rd period - Stopped by Calvin Pickard with a rebound.
15:42 of 3rd period - Shot by Jack Eichel.
15:42 of 3rd period - Stopped by Calvin Pickard without a rebound.
15:43 of 3rd period - Steven Stamkos wins face-off versus Jay Beagle in Predators zone.
15:53 of 3rd period - Icing by Roman Josi.
15:54 of 3rd period - Ryan OReilly wins face-off versus Steven Stamkos in Predators zone.
15:54 of 3rd period - Ryan OReilly is hit by Roman Josi.
16:14 of 3rd period - Shot by Steven Stamkos.
16:14 of 3rd period - Shot Misses the Net.
17:01 of 3rd period - Shot by Jay Beagle.
17:01 of 3rd period - Goal by Jay Beagle - Predators : 3 - BlackHawks : 2.
17:02 of 3rd period - Colton Sissons wins face-off versus Jack Eichel in neutral zone.
17:05 of 3rd period - Shot by Nick Leddy.
17:05 of 3rd period - Stopped by Sergei Bobrovsky without a rebound.
17:06 of 3rd period - Nicklas Backstrom wins face-off versus Jack Eichel in BlackHawks zone.
17:35 of 3rd period - Shot by David Backes.
17:35 of 3rd period - Stopped by Calvin Pickard without a rebound.
17:36 of 3rd period - Jay Beagle wins face-off versus Vincent Trocheck in Predators zone.
17:41 of 3rd period - Shot by Antoine Roussel.
17:41 of 3rd period - Stopped by Calvin Pickard without a rebound.
17:42 of 3rd period - Steven Stamkos wins face-off versus Jay Beagle in Predators zone.
17:53 of 3rd period - Shot by Steven Stamkos.
17:53 of 3rd period - Shot Blocked by Dion Phaneuf.
17:55 of 3rd period - Shot by Roman Josi.
17:55 of 3rd period - Stopped by Sergei Bobrovsky without a rebound.
17:56 of 3rd period - Vincent Trocheck wins face-off versus Andrew Shaw in BlackHawks zone.
18:07 of 3rd period - Shot by J.T. Miller.
18:07 of 3rd period - Stopped by Sergei Bobrovsky with a rebound.
18:09 of 3rd period - Shot by Vincent Trocheck.
18:09 of 3rd period - Stopped by Sergei Bobrovsky with a rebound.
18:25 of 3rd period - Shot by Vincent Trocheck.
18:25 of 3rd period - Deflect By J.T. Miller.
18:25 of 3rd period - Stopped by Sergei Bobrovsky without a rebound.
18:26 of 3rd period - Jay Beagle wins face-off versus Steven Stamkos in BlackHawks zone.
19:01 of 3rd period - BlackHawks, Sergei Bobrovsky is pulled from the net.
19:25 of 3rd period - Shot by Artemi Panarin.
19:25 of 3rd period - Stopped by Calvin Pickard without a rebound.
19:26 of 3rd period - Ryan OReilly wins face-off versus Vincent Trocheck in Predators zone.
19:47 of 3rd period - Shot by Artemi Panarin.
19:47 of 3rd period - Stopped by Calvin Pickard without a rebound.
19:48 of 3rd period - Ryan OReilly wins face-off versus Vincent Trocheck in Predators zone.
Goals for this period are 0 for Predators vs 1 for BlackHawks.
Shots for this period are 17 for Predators vs 13 for BlackHawks.